 Dungeon Crawl Stone Soup version 0.15.0-13-gb296d5c (webtiles) character file.

238727 Patate the Slayer (level 19, -3/197 (199) HPs)
             Began as a Minotaur Berserker on Sept 1, 2014.
             Was a High Priest of Trog.
             Killed from afar by Xtahua (61 damage)
             ... with a blast of flame
             ... on Level 2 of the Vaults on Sept 3, 2014.
             The game lasted 07:09:44 (60430 turns).

Patate the Slayer (Minotaur Berserker)             Turns: 60430, Time: 07:09:44

HP  -3/197 (199) AC 25     Str 31      XL: 19   Next:  0%
MP  29/29        EV 11     Int  4      God: Trog [*****.]
Gold 3637        SH 22     Dex  9      Spells:  0 memorised, 18 levels left

rFire  . . .     SeeInvis +     J - +4 war axe (drain)
rCold  + . .     Clarity  .     N - +2 plate armour {rPois}
rNeg   . . .     rCorr    .     q - +2 large shield {rC+}
rPois  +         rRot     .     (helmet restricted)
rElec  +         Spirit   .     s - +2 cloak {rPois}
SustAb .         Warding  .     T - +0 pair of gloves
rMut   .         Stasis   .     (no boots)
Gourm  .                        Y - amulet of the Air {Inacc +Fly rElec EV+5 RMsl}
MR     ++++.                    P - cursed ring of see invisible
                                i - cursed ring of protection from magic

@: very slightly contaminated, regenerating, repel missiles, incredibly
resistant to hostile enchantments, extremely unstealthy
A: retaliatory headbutt, horns 2, sense surroundings 1
a: Burn Spellbooks, Berserk, Trog's Hand, Brothers in Arms, Renounce Religion,
Evoke Flight
}: 1/15 runes: serpentine


You were on level 2 of the Vaults.
You worshipped Trog.
Trog was extremely pleased with you.
You were hungry.

You visited 6 branches of the dungeon, and saw 36 of its levels.

You collected 4291 gold pieces.
You spent 654 gold pieces at shops.

Inventory:

Hand weapons
 J - a +4 war axe of draining (weapon)
Armour
 q - a +2 large shield of cold resistance (worn)
 s - a +2 cloak of poison resistance (worn)
 N - a +2 plate armour of poison resistance (worn)
 T - a +0 pair of gloves (worn)
Magical devices
 f - a wand of digging (20)
 t - a wand of confusion (8)
 u - a wand of cold (0)
 y - a wand of random effects (3)
 C - a wand of fireball (1)
 G - a wand of slowing (13)
 L - a wand of disintegration (10)
 M - a wand of lightning (0)
 S - a wand of polymorph (12)
Comestibles
 b - 19 meat rations
 c - 24 bread rations
 k - 3 royal jellies
 l - 2 rotting chunks of ogre flesh
 r - 3 slices of pizza
 z - 4 beef jerkies
 R - 8 chunks of stone giant flesh
Scrolls
 e - 18 scrolls of identify
 g - a scroll of holy word
 h - 11 scrolls of remove curse
 m - 6 scrolls of fear
 n - 5 scrolls of teleportation
 o - 5 scrolls of fog
 E - 3 scrolls of enchant weapon
 F - 4 scrolls of recharging
 O - 3 scrolls of summoning
 U - 2 scrolls of magic mapping
Jewellery
 i - a cursed ring of protection from magic (left hand)
 p - the ring "Jeleff" {rN+ MR+ Int+3}
   (You found it on level 5 of the Dungeon)

   [ring of intelligence]

   It affects your intelligence (+3).
   It protects you from negative energy.
   It affects your resistance to hostile enchantments.
 B - an uncursed amulet of resist corrosion {unknown}
 K - a cursed ring of loudness {unknown}
 P - a cursed ring of see invisible (right hand)
 Y - the amulet of the Air (around neck) {Inacc +Fly rElec EV+5 RMsl}
   (You found it on level 3 of the Snake Pit)

   [amulet of inaccuracy]

   It reduces the accuracy of all your attacks.
   It affects your evasion (+5).
   It insulates you from electricity.
   It lets you fly.
   It protects you from missiles.
Potions
 d - 2 potions of magic
 j - a potion of resistance
 v - 3 potions of restore abilities
 w - 5 potions of curing
 x - a potion of agility
 A - 3 potions of invisibility
 D - 2 potions of flight
 H - 10 potions of might
 I - 6 potions of haste
 Q - 2 potions of cancellation
 X - 2 potions of heal wounds
Miscellaneous
 W - a lamp of fire


   Skills:
 * Level 24.3 Fighting
 + Level 18.2 Axes
 + Level 18.1 Armour
 - Level 2.1 Dodging
 - Level 11.8 Shields
 - Level 11.5 Evocations


You had 18 spell levels left.
You didn't know any spells.

Dungeon Overview and Level Annotations

Branches:
Dungeon (15/15)            Temple (0/1) D:5             Orc (4/4) D:11
    Elf (0/3) Orc:4          Lair (8/8) D:9          Shoals (2/5) Lair:4
  Snake (5/5) Lair:4        Slime (0/6) Lair:8       Vaults (2/5) D:14
 Depths (0/5) D:15
  Crypt: Vaults:2-3

Altars:
Ashenzari
Elyvilon
Fedhas
Qazlal
Sif Muna
Trog
Xom
Yredelemnul
Beogh

Shops:
D:4 **   D:5 [   D:7 (   Orc:2 !   Orc:3 *   Orc:4 }=*[   Shoals:1 ?
Snake:3 :   Vaults:2 [

Portals:
Trove: Vaults:1 (give 2 scrolls of acquirement)

Annotations:
D:7 +7 hand axe electrocution
D:15 exclusion: orange crystal statue
Lair:2 exclusion: oklob plant
Vaults:1 Trove of treasure
Vaults:2 Xtahua


Innate Abilities, Weirdness & Mutations

You reflexively headbutt those who attack you in melee.
You have a pair of horns on your head.
You passively map a small area around you.


Message History

Read which item? (? for menu, Esc to quit)
Blink to where?
Press: ? - help, Dir - move target cursor
As you read the scroll of blinking, it crumbles to dust.
You are very lightly contaminated with residual magic.
Use which ability? (? or * to list)
Your skin crawls.
You feel resistant to hostile enchantments.
You feel slightly more hungry.
There is an open door here.
Xtahua breathes flames at you. The blast of flame hits you!
* * * LOW HITPOINT WARNING * * *
Huge Dmg: -12%(-24hp) hp: 11%(20hp) Drink which item? (? for menu, Esc to quit)
You feel much better.
You feel the effects of Trog's Hand fading.
Xtahua breathes flames at you. The blast of flame hits you!
You die...

...#..##....# #############
##'#..##....# #...........#
.D.ยง..##....# #...(.......#
.#...(##....# #...........#
#######....# #...........# #....#
#....)<.....# #....#
#..(((......#
########..D.###########)#########
................@....((.......((.
....................(..).........
.................................
..............((.(.............).
########....###################[#
...# #....#.).....# #)). ...#
#....#.......# #... ...#
#....#.......# #.(. ...#
#....#.......# #...


You could see Xtahua.

Vanquished Creatures
  Asterion (Vaults:1)
  Rupert (Lair:6)
  An azure jelly (Snake:4)
  Donald (Orc:4)
  6 vault wardens
  Louise (Shoals:1)
  3 greater nagas (Snake:5)
  4 stone giants
  A very ugly thing (Vaults:1)
  Snorg (D:14)
  3 fire dragons
  3 ironheart preservers
  An ettin (D:15)
  A yaktaur captain (Vaults:2)
  Fannar (Lair:7)
  An ice dragon (Lair:8)
  Harold (Lair:7)
  10 naga warriors
  8 anacondas
  A deep troll earth mage (Vaults:2)
  Erica (Lair:8)
  6 ogre magi
  8 hydras
  A merfolk aquamancer (Shoals:1)
  13 centaur warriors
  4 orc high priests (Orc:4)
  2 death yaks (Lair:3)
  9 shock serpents
  Urug (D:15)
  11 naga sharpshooters
  2 wizards
  9 skeletal warriors
  2 catoblepae
  A death drake (shapeshifter) (Vaults:2)
  2 salamander mystics (Snake:4)
  An ice devil (Orc:4)
  4 unseen horrors
  6 deep trolls
  8 naga ritualists
  A giant orange brain (Vaults:2)
  A lindwurm (Lair:8)
  5 sea snakes
  7 ironbrand convokers
  20 orc knights
  2 orc sorcerers
  A deep elf conjurer (Vaults:2)
  9 harpies
  7 hill giants
  A faun (Shoals:1)
  8 mana vipers
  A water nymph (Shoals:1)
  3 wolf spiders
  A wolf spider (shapeshifter) (Vaults:1)
  7 salamanders
  2 guardian serpents
  4 cyclopes
  52 black mambas
  4 griffons
  34 ugly things
  8 manticores
  2 oklob plants
  Joseph (D:7)
  A mermaid (Shoals:1)
  10 vault sentinels
  18 naga magi
  A gargoyle (D:14)
  16 spiny frogs
  22 yaktaurs
  17 fire drakes
  An efreet (D:13)
  2 komodo dragons
  2 guardian mummies (Vaults:1)
  A queen bee (shapeshifter) (D:14)
  A deep elf priest (D:14)
  2 freezing wraiths (Snake:4)
  7 merfolk
  2 polar bears
  9 two-headed ogres
  2 giant leeches (Lair:8)
  A jumping spider (shapeshifter) (Vaults:2)
  22 slime creatures
  A wind drake (Shoals:1)
  6 trolls
  14 blink frogs
  3 snapping turtles (Shoals:1)
  3 boulder beetles
  3 trapdoor spiders
  7 redbacks
  A raven (shapeshifter) (D:14)
  4 basilisks
  A tarantella (Lair:7)
  4 water elementals
  A spriggan (D:9)
  4 shadows
  29 yaks
  A redback (shapeshifter) (Vaults:1)
  3 wyverns
  4 deep elf magi
  4 wraiths
  7 fire bats
  Grum (D:8)
  11 hippogriffs
  16 humans
  10 vampire mosquitoes
  6 wargs
  3 hungry ghosts
  43 nagas
  37 water moccasins
  A tengu skeleton (D:11)
  A mottled dragon (D:15)
  19 wolves
  10 porcupines
  A hell hound (D:10)
  3 yellow wasps
  5 black bears
  2 spiders (Lair:8)
  A boring beetle (Lair:6)
  A centaur (shapeshifter) (Vaults:1)
  35 ogres
  A red wasp simulacrum (Vaults:1)
  5 sky beasts
  28 centaurs
  45 orc warriors
  12 crocodiles
  10 ice beasts
  2 phantoms
  A big kobold (D:12)
  A necrophage (D:7)
  A yaktaur zombie (D:14)
  20 giant frogs
  2 cyclops zombies
  4 brain worms (Lair:8)
  A yak zombie (D:10)
  3 scorpions
  A cyclops skeleton (D:15)
  A hippogriff zombie (D:10)
  13 killer bees
  2 electric eels
  2 yak skeletons
  A hippogriff skeleton (D:12)
  A wight (D:10)
  A goliath beetle (D:7)
  7 crimson imps
  An elf zombie (D:10)
  42 orc priests
  A quasit (D:8)
  2 giant frog zombies
  2 centaur skeletons
  Crazy Yiuf (D:3)
  9 hounds
  14 jellies
  A basilisk zombie (D:13)
  5 iguanas
  32 orc wizards
  Natasha (twice) (D:4)
  4 orange rats
  16 sheep
  19 worker ants
  Ijyb (D:3)
  A hound zombie (D:11)
  Terence (D:2)
  2 mummies
  43 green rats
  30 adders
  10 gnolls
  A scorpion zombie (D:6)
  A worker ant zombie (D:7)
  4 shadow imps
  A white imp (D:4)
  3 giant mites
  20 worms
  2 orc skeletons
  6 giant geckos
  5 oozes
  237 orcs
  A bat skeleton (D:8)
  5 giant cockroaches
  22 hobgoblins
  5 ball pythons
  12 bats
  3 giant newts
  A giant spore (D:10)
  20 goblins
  A hobgoblin skeleton (D:8)
  A hobgoblin zombie (D:7)
  23 jackals
  22 kobolds
  18 quokkas
  35 rats
  A rat skeleton (D:6)
  25 ballistomycetes
  A bush (Lair:6)
  24 fungi
  17 plants
1686 creatures vanquished.

Vanquished Creatures (collateral kills)
  A fire giant (Vaults:2)
  A greater naga (Snake:5)
  An ogre mage (Vaults:1)
  3 naga warriors (Snake:5)
  2 hydras
  2 death yaks (Lair:3)
  3 naga sharpshooters (Snake:5)
  An orc high priest (Orc:4)
  A shock serpent (Snake:2)
  An orb spider (shapeshifter) (Vaults:1)
  A hill giant (D:14)
  An orc knight (Vaults:1)
  Pikel (D:4)
  3 harpies (Shoals:1)
  A red wasp (Lair:8)
  2 salamanders
  A water nymph (Shoals:1)
  A griffon (Lair:8)
  A vault sentinel (Vaults:1)
  3 naga magi
  2 freezing wraiths (Snake:4)
  An efreet (D:14)
  A snapping turtle (Lair:4)
  5 yaks (Lair:8)
  A chaos spawn (Orc:4)
  4 nagas
  2 vampire mosquitoes (Vaults:1)
  9 wolves
  A water moccasin (Lair:8)
  A porcupine (Lair:4)
  An ice beast (Snake:4)
  4 ogres (Vaults:1)
  2 slaves (D:4)
  3 boggarts (Vaults:1)
  3 orc warriors
  A crocodile (Lair:8)
  Sigmund (D:5)
  An electric eel (Lair:4)
  An orc priest (Orc:4)
  2 orc wizards (D:7)
  6 orcs
83 creatures vanquished.

Vanquished Creatures (others)
  A hill giant (Orc:4)
  A black mamba (Snake:2)
  A naga mage (Snake:5)
  A guardian serpent (Snake:4)
  3 spiny frogs (Lair:8)
  A troll (Vaults:2)
  A two-headed ogre (Lair:8)
  3 fire elementals (Snake:5)
  A naga (Snake:5)
  3 water moccasins (Lair:8)
  An ogre (Shoals:1)
  A boggart (Vaults:1)
  A crocodile (Lair:8)
  A hound (D:4)
  Natasha (D:4)
  5 adders
  A bat skeleton (D:4)
  5 giant spores
  10 fungi (Lair:8)
  6 plants
48 creatures vanquished.

Grand Total: 1817 creatures vanquished

Notes
Turn   | Place    | Note
--------------------------------------------------------------
     0 | D:1      | Patate, the Minotaur Berserker, began the quest for the Orb.
     0 | D:1      | Reached XP level 1. HP: 19/19 MP: 1/1
    19 | D:1      | Reached skill level 4 in Fighting
   112 | D:1      | Reached XP level 2. HP: 17/27 MP: 1/1
   572 | D:1      | Acquired Trog's second power
   653 | D:1      | Reached XP level 3. HP: 32/34 MP: 2/2
  1154 | D:2      | Found a basalt altar of Yredelemnul.
  1165 | D:2      | Noticed Terence
  1169 | D:2      | Killed Terence
  1196 | D:2      | Reached XP level 4. HP: 35/41 MP: 2/2
  1213 | D:2      | Reached skill level 5 in Fighting
  1672 | D:2      | Gained mutation: You can translocate small distances at will. [potion of mutation]
  1672 | D:2      | Gained mutation: You are frail (-10% HP). [potion of mutation]
  1672 | D:2      | Gained mutation: Your muscles are strong. (Str +2) [potion of mutation]
  2696 | D:3      | Reached XP level 5. HP: 26/43 MP: 2/2
  3107 | D:3      | Reached skill level 6 in Fighting
  3107 | D:3      | Reached skill level 5 in Axes
  3109 | D:3      | Acquired Trog's third power
  3363 | D:3      | Noticed an ice beast
  3375 | D:3      | Killed an ice beast
  3375 | D:3      | Reached XP level 6. HP: 32/52 MP: 3/3
  3445 | D:3      | Noticed Ijyb
  3481 | D:3      | Killed Ijyb
  3912 | D:3      | Noticed Crazy Yiuf
  3918 | D:3      | Killed Crazy Yiuf
  4273 | D:4      | Got a bloodstained mace
  4274 | D:4      | Identified the cursed -1 mace of Autumn {freeze, rC+} (You found it on level 4 of the Dungeon)
  4344 | D:4      | Noticed Pikel
  4367 | D:4      | Killed Pikel
  4367 | D:4      | Reached skill level 7 in Fighting
  4367 | D:4      | Reached skill level 5 in Armour
  4367 | D:4      | Reached XP level 7. HP: 14/60 MP: 3/3
  4673 | D:4      | Noticed Natasha
  4692 | D:4      | Killed Natasha
  4743 | D:4      | Killed Natasha
  4768 | D:4      | Noticed Natasha
  4788 | D:4      | Killed Natasha
  4889 | D:4      | Reached skill level 8 in Fighting
  4973 | D:4      | Found Ofutub's Serpentskin Sales.
  4973 | D:4      | Noticed a water moccasin
  4973 | D:4      | Noticed a water moccasin
  4973 | D:4      | Noticed a water moccasin
  4973 | D:4      | Noticed a water moccasin
  4986 | D:4      | Killed a water moccasin
  4992 | D:4      | Killed a water moccasin
  4992 | D:4      | Reached XP level 8. HP: 41/67 MP: 3/3
  4995 | D:4      | Killed a water moccasin
  4999 | D:4      | Killed a water moccasin
  4999 | D:4      | Reached skill level 9 in Fighting
  5276 | D:4      | Found Naixuk's General Store.
  5280 | D:4      | Bought a scroll of fear for 45 gold pieces
  5597 | D:4      | Found a blossoming altar of Fedhas.
  5697 | D:5      | Entered Level 5 of the Dungeon
  5728 | D:5      | Reached skill level 1 in Shields
  5741 | D:5      | Found a staircase to the Ecumenical Temple.
  5977 | D:5      | Noticed Sigmund
  6476 | D:5      | Received a gift from Trog
  6903 | D:5      | Found Kutuoniav's Armour Boutique.
  7010 | D:5      | Reached skill level 5 in Shields
  7217 | D:5      | Got a crude wooden ring
  7289 | D:5      | Killed Sigmund
  7361 | D:6      | Reached XP level 9. HP: 46/74 MP: 4/4
  9215 | D:7      | Reached skill level 10 in Shields
  9489 | D:7      | Noticed Joseph
  9537 | D:7      | Killed Joseph
  9537 | D:7      | Reached skill level 11 in Shields
 10031 | D:6      | Reached XP level 10. HP: 27/81 MP: 4/4
 10359 | D:7      | Found Emanawk's Weapon Shop.
 10404 | D:7      | Found a shattered altar of Ashenzari.
 10613 | D:8      | Noticed Grum
 10630 | D:8      | Killed Grum
 11138 | D:8      | Reached skill level 10 in Fighting
 12546 | D:9      | Found a staircase to the Lair.
 12755 | D:9      | Received a gift from Trog
 13340 | D:10     | Entered Level 10 of the Dungeon
 13434 | Lair:1   | Entered Level 1 of the Lair of Beasts
 13942 | Lair:1   | Reached skill level 12 in Fighting
 13942 | Lair:1   | Reached XP level 11. HP: 35/93 MP: 4/4
 14931 | Lair:2   | Found a white marble altar of Elyvilon.
 15634 | Lair:2   | Reached skill level 13 in Fighting
 16130 | Lair:3   | Received a gift from Trog
 16219 | Lair:3   | Reached skill level 10 in Axes
 16237 | Lair:3   | Reached skill level 10 in Armour
 17010 | Lair:3   | Reached skill level 14 in Fighting
 17257 | Lair:4   | Noticed a death yak
 17257 | Lair:4   | Noticed a death yak
 17259 | Lair:4   | Noticed a death yak
 17260 | Lair:4   | Noticed a death yak
 17285 | Lair:3   | Killed a death yak
 17285 | Lair:3   | Reached XP level 12. HP: 57/105 MP: 5/5
 17288 | Lair:3   | Killed a death yak
 17521 | Lair:3   | Killed a death yak
 17522 | Lair:3   | Killed a death yak
 17732 | Lair:4   | Noticed a naga warrior
 17774 | Lair:4   | Killed a naga warrior
 17819 | Lair:4   | Found a staircase to the Snake Pit.
 17846 | Lair:4   | Reached skill level 1 in Evocations
 18128 | Lair:4   | Noticed an eight-headed hydra
 18129 | Lair:4   | Noticed a four-headed hydra
 18134 | Lair:4   | Killed a six-headed hydra
 18135 | Lair:4   | Killed a 11-headed hydra
 18140 | Lair:4   | Found a staircase to the Shoals.
 18327 | Lair:4   | Reached skill level 5 in Evocations
 19602 | Lair:6   | Noticed a five-headed hydra
 19618 | Lair:6   | Killed an eight-headed hydra
 20149 | Lair:6   | Noticed Rupert
 20157 | Lair:6   | Paralysed by something for 7 turns
 20186 | Lair:7   | HP: 5/106 [spiny frog (10)]
 20621 | Lair:6   | Received a gift from Trog
 21180 | Lair:6   | Paralysed by Rupert for 4 turns
 21191 | Lair:6   | Paralysed by Rupert for 3 turns
 21215 | Lair:6   | Killed Rupert
 21215 | Lair:6   | Reached XP level 13. HP: 58/112 MP: 20/22
 21621 | Lair:7   | Noticed Fannar
 21621 | Lair:7   | Noticed a six-headed hydra
 22131 | Lair:7   | Reached skill level 10 in Evocations
 22132 | Lair:7   | Noticed Harold
 22160 | Lair:7   | Killed Harold
 22331 | Lair:7   | Killed a 13-headed hydra
 22743 | Lair:7   | Noticed a five-headed hydra
 22759 | Lair:7   | Killed a 11-headed hydra
 22935 | Lair:7   | Killed Fannar
 23130 | Lair:7   | Received a gift from Trog
 23370 | Lair:2   | Lost mutation: Your muscles are strong. (Str +2) [potion of cure mutation]
 23370 | Lair:2   | Lost mutation: You are frail (-10% HP). [potion of cure mutation]
 23370 | Lair:2   | Lost mutation: You can translocate small distances at will. [potion of cure mutation]
 23371 | Lair:2   | Identified the ring "Jeleff" {rN+ MR+ Int+3} (You found it on level 5 of the Dungeon)
 23579 | Lair:7   | Reached skill level 15 in Fighting
 23917 | Lair:8   | Entered Level 8 of the Lair of Beasts
 24271 | Lair:8   | Lost intelligence.
 24641 | Lair:8   | Gained mutation: You passively map a small area around you. [potion of beneficial mutation]
 25628 | Lair:8   | Received a gift from Trog
 25708 | Lair:8   | Found a staircase to the Slime Pits.
 25713 | Lair:8   | Reached XP level 14. HP: 90/136 MP: 25/25
 25775 | Lair:8   | Reached skill level 16 in Fighting
 26114 | Lair:8   | Noticed Erica
 26163 | Lair:8   | Killed Erica
 27802 | Snake:1  | Entered Level 1 of the Snake Pit
 29122 | D:10     | Received a gift from Trog
 29185 | D:10     | Reached skill level 17 in Fighting
 29882 | D:11     | Found a staircase to the Orcish Mines.
 30230 | Orc:1    | Entered Level 1 of the Orcish Mines
 30319 | Orc:1    | Found a bloodstained altar of Trog.
 30540 | Orc:1    | Received a gift from Trog
 31230 | Orc:2    | Found Luabuher's Distillery.
 31396 | Orc:2    | Bought a potion of restore abilities for 45 gold pieces
 31396 | Orc:2    | Bought a potion of heal wounds for 45 gold pieces
 31396 | Orc:2    | Bought a potion of cancellation for 82 gold pieces
 31512 | Orc:2    | Found a roughly hewn altar of Beogh.
 31855 | Orc:3    | Found Ecoaru's General Store.
 31866 | Orc:3    | Received a gift from Trog
 32112 | Orc:3    | Bought a scroll of identify for 28 gold pieces
 32139 | Orc:3    | Bought a scroll of identify for 28 gold pieces
 32998 | Orc:4    | Entered Level 4 of the Orcish Mines
 33092 | Orc:4    | Found a staircase to the Elven Halls.
 33185 | Orc:4    | Received a gift from Trog
 33517 | Orc:4    | Noticed Donald
 33556 | Orc:4    | Killed Donald
 34337 | Orc:4    | Received a gift from Trog
 35491 | Orc:4    | Reached skill level 18 in Fighting
 35637 | Orc:4    | Found Ghyown's Antique Armour Emporium.
 35639 | Orc:4    | Found Wujubank's Assorted Antiques.
 35642 | Orc:4    | Found Tranubb's Jewellery Shoppe.
 35643 | Orc:4    | Found Kexkye's Gadget Emporium.
 35655 | Orc:4    | Bought a scroll of teleportation for 69 gold pieces
 35655 | Orc:4    | Bought a scroll of fear for 80 gold pieces
 35658 | Orc:4    | Bought an oily inky potion for 20 gold pieces
 35658 | Orc:4    | Bought a worn fluorescent wand for 92 gold pieces
 35667 | Orc:4    | Identified a scroll of acquirement
 36716 | Snake:1  | Reached XP level 15. HP: 134/149 MP: 26/26
 37057 | Snake:1  | Received a gift from Trog
 39410 | Snake:2  | Reached skill level 19 in Fighting
 39637 | Snake:3  | Found Grun's Book Shoppe.
 39806 | Snake:3  | Received a gift from Trog
 41167 | Snake:4  | Noticed an azure jelly
 41176 | Snake:4  | Killed an azure jelly
 41288 | Snake:4  | Found a frozen archway.
 41967 | Snake:4  | Received a gift from Trog
 42054 | Snake:4  | Reached XP level 16. HP: 118/162 MP: 27/27
 42193 | Snake:4  | Found a white marble altar of Elyvilon.
 42474 | Snake:4  | Reached skill level 20 in Fighting
 42912 | Snake:5  | Entered Level 5 of the Snake Pit
 43463 | Snake:5  | Reached skill level 15 in Axes
 43565 | Snake:5  | Reached skill level 15 in Armour
 45378 | Snake:5  | Got a serpentine rune of Zot
 45716 | Snake:5  | Reached skill level 21 in Fighting
 46020 | Shoals:1 | Entered Level 1 of the Shoals
 46681 | Shoals:1 | Received a gift from Trog
 46991 | Shoals:1 | Found Aschafiu's Magic Scroll Shop.
 47003 | Shoals:1 | Bought a scroll of blinking for 120 gold pieces
 47966 | Shoals:2 | Noticed Louise
 48341 | Shoals:1 | Killed Louise
 48829 | D:9      | Found a shimmering altar of Xom.
 48829 | D:9      | Found a stormy altar of Qazlal.
 49321 | D:11     | Found a deep blue altar of Sif Muna.
 49378 | D:12     | Received a gift from Trog
 49382 | D:12     | Reached XP level 17. HP: 170/173 MP: 27/27
 49505 | D:12     | Got an ancient chain mail
 49516 | D:12     | Identified the +0 chain mail "Diotey" {Int+1} (You found it on level 12 of the Dungeon)
 50994 | D:14     | Found a gate to the Vaults.
 51524 | D:14     | Noticed Snorg
 51545 | D:14     | Killed Snorg
 51927 | D:14     | Upgraded the game from 0.15.0-12-gccce430 to 0.15.0-13-gb296d5c
 52530 | D:15     | Entered Level 15 of the Dungeon
 52674 | D:15     | Reached skill level 22 in Fighting
 52868 | D:15     | Received a gift from Trog
 53426 | D:15     | Found a staircase to the Depths.
 53680 | D:15     | Noticed Urug
 53690 | D:15     | Killed Urug
 54130 | Vaults:1 | Entered Level 1 of the Vaults
 54303 | D:14     | Received a gift from Trog
 55032 | Vaults:1 | Received a gift from Trog
 55378 | Vaults:1 | Reached XP level 18. HP: 159/187 MP: 28/28
 55610 | Vaults:1 | Noticed Asterion
 55631 | Vaults:1 | Killed Asterion
 55631 | Vaults:1 | Reached skill level 23 in Fighting
 56236 | Vaults:1 | Received a gift from Trog
 56442 | Vaults:1 | Found a portal to a secret trove of treasure.
 57441 | Vaults:1 | Received a gift from Trog
 58699 | Vaults:2 | Received a gift from Trog
 58836 | Vaults:2 | Reached skill level 24 in Fighting
 59604 | Vaults:2 | Received a gift from Trog
 60044 | Vaults:2 | Found Crokhoca's Antique Armour Shop.
 60387 | Vaults:2 | Noticed Xtahua
 60408 | Vaults:2 | Reached XP level 19. HP: 79/197 MP: 29/29
 60430 | Vaults:2 | Killed from afar by Xtahua

Action                   |  1- 3 |  4- 6 |  7- 9 | 10-12 | 13-15 | 16-18 | 19-21 || total
-------------------------+-------+-------+-------+-------+-------+-------+-------++-------
Melee: Hand axe          |    77 |   180 |   209 |   632 |       |       |       ||  1098
       Mace              |       |    20 |   265 |       |       |       |       ||   285
       War axe           |       |       |       |   358 |  1934 |  2329 |       ||  4621
Invok: Berserk           |     1 |     2 |     3 |     1 |     1 |       |       ||     8
       Trog's Hand       |       |     1 |     3 |     1 |    10 |    10 |     1 ||    26
       Brothers in Arms  |       |     1 |     3 |     3 |     9 |    12 |       ||    28
       Burn Spellbooks   |       |       |     2 |     1 |     3 |     3 |       ||     9
Evoke: Wand              |       |       |       |       |     9 |    11 |       ||    20
       Lamp of fire      |       |       |       |       |     2 |     1 |       ||     3
  Use: Potion            |     2 |     3 |     5 |    10 |    12 |     2 |     2 ||    36
       Scroll            |       |     1 |     5 |    10 |    14 |     5 |     1 ||    36
 Stab: Distracted        |       |       |       |       |     2 |     1 |       ||     3
       Confused          |       |       |       |       |     1 |       |       ||     1
  Eat: Chunk             |     1 |    12 |    22 |    36 |    72 |    61 |       ||   204
       Pizza             |       |       |     1 |     1 |       |       |       ||     2
       Fruit             |       |       |       |     1 |    12 |     4 |       ||    17
